[Event "Titled Tuesday Blitz October 11 Late 2022"]
[White "Rosenberg, Evan S"]
[Black "Rose, Felix"]
[WhiteFideId "2019299"]
[BlackFideId "5105722"]
[WhiteElo "2344"]
[BlackElo "2039"]
[Result "1/2-1/2"]
[Round "06"]
[TimeControl "180+1"]
[Date "2022.10.12"]
[WhiteClock "0:00:03"]
[BlackClock "0:00:12"]

1. e4 c5 2. Nc3 Nc6 3. f4 g6 4. Nf3 Bg7 5. a4 a6 6. Bc4 e6 7. f5 Nge7 8. fxe6 dxe6 9. d3 O-O 10. O-O Nd4 11. Bg5 h6 12. Be3 Nec6 13. Qd2 Nxf3+ 14. Rxf3 Nd4 15. Rf2 Qh4 16. Raf1 Bd7 17. b3 b5 18. axb5 axb5 19. Nxb5 Nxb5 20. Bxc5 Bd4 21. Bxd4 Nxd4 22. b4 Rab8 23. c3 Nc6 24. g3 Qh3 25. Rf4 g5 26. Rf6 Ne5 27. Qg2 Qxg2+ 28. Kxg2 Nxc4 29. dxc4 Rbc8 30. c5 Kg7 31. e5 Bb5 32. Rd1 Rfd8 33. Rxd8 Rxd8 34. Rf2 Rd3 35. Rc2 Ba4 36. Ra2 Bc6+ 37. Kf2 Rxc3 38. Ra6 Bd5 39. Rd6 Rb3 40. Rb6 Rb2+ 41. Ke3 Rxh2 42. c6 Rc2 43. b5 Rc3+ 44. Kd4 Rc4+ 45. Kd3 h5 46. Rb7 h4 47. gxh4 gxh4 48. Rd7 Rb4 49. Rxd5 exd5 50. c7 Rb3+ 51. Kd4 Rb4+ 52. Kd3 Rb3+ 53. Kd4 Rb4+ 54. Kd3 1/2-1/2


[Site "https://www.chess.com"]

[Event "Titled Tuesday Blitz October 11 Late 2022"]
[White "Rustemov, Alexander"]
[Black "Jobava, Baadur"]
[WhiteFideId "4119002"]
[BlackFideId "13601520"]
[WhiteElo "2866"]
[BlackElo "2582"]
[Result "0-1"]
[Round "06"]
[TimeControl "180+1"]
[Date "2022.10.11"]
[WhiteClock "0:00:06"]
[BlackClock "0:01:42"]

1. d4 Nf6 2. c4 c5 3. d5 g6 4. Nc3 d6 5. e4 Bg7 6. h3 O-O 7. Bd3 e6 8. Nf3 exd5 9. cxd5 Re8 10. O-O a6 11. a4 Nbd7 12. Re1 Nh5 13. Bg5 Bf6 14. Be3 Bg7 15. Be2 Rb8 16. Nd2 Nhf6 17. Qc2 h5 18. Nc4 Ne5 19. Nxe5 Rxe5 20. Bf4 Re8 21. Bc4 Nh7 22. Re2 h4 23. Rae1 g5 24. Bh2 Be5 25. Bxe5 Rxe5 26. Qd2 Nf8 27. f4 gxf4 28. Qxf4 Ng6 29. Qf3 Rg5 30. Rf2 Qe7 31. Bf1 Bd7 32. Qf6 Bxh3 33. Qxe7 Nxe7 34. Rf6 Rd8 35. e5 Bxg2 36. Bxg2 h3 37. Rxd6 Rxg2+ 38. Kh1 Re8 39. Rg1 Nf5 40. Rxg2+ hxg2+ 41. Kxg2 Nxd6 42. exd6 Rd8 43. Kf3 Rxd6 44. Ke4 f6 45. a5 Kf7 46. Kd3 f5 47. Kc4 f4 48. Kxc5 f3 49. Ne4 Rf6 50. Nf2 Ke7 51. Kd4 Rf4+ 52. Ke5 Rb4 53. d6+ Kd8 54. Nd3 Rxb2 0-1


[Site "https://www.chess.com"]

[Event "Titled Tuesday Blitz October 11 Late 2022"]
[White "Sanchez, Robert"]
[Black "Golubev, Mikhail"]
[WhiteFideId "2034360"]
[BlackFideId "14100983"]
[WhiteElo "2429"]
[BlackElo "2374"]
[Result "0-1"]
[Round "06"]
[TimeControl "180+1"]
[Date "2022.10.12"]
[WhiteClock "0:01:13"]
[BlackClock "0:00:58"]

1. e4 c5 2. Nf3 d6 3. d4 Nf6 4. Nc3 cxd4 5. Nxd4 Nc6 6. f3 e5 7. Nb3 Be7 8. Be3 O-O 9. Qd2 a5 10. Bb5 Be6 11. O-O-O Nb4 12. Kb1 d5 13. exd5 Nfxd5 14. a4 Nxc3+ 15. Qxc3 Qb8 16. Bd7 Nd5 17. Rxd5 Bxd5 18. Bb5 Rc8 19. Qd2 Be6 20. g4 Qc7 21. Bd3 Rd8 22. Qf2 Rxd3 0-1


[Site "https://www.chess.com"]

[Event "Titled Tuesday Blitz October 11 Late 2022"]
[White "Sarana, Alexey"]
[Black "Hansen, Eric"]
[WhiteFideId "24133795"]
[BlackFideId "2606771"]
[WhiteElo "2689"]
[BlackElo "2568"]
[Result "0-1"]
[Round "06"]
[TimeControl "180+1"]
[Date "2022.10.11"]
[WhiteClock "0:00:05"]
[BlackClock "0:00:11"]

1. c4 e5 2. Nc3 Nf6 3. Nf3 Nc6 4. g3 Bb4 5. Nd5 Bd6 6. Bg2 O-O 7. O-O h6 8. d4 exd4 9. Nxd4 Be5 10. Nf3 d6 11. Nxe5 dxe5 12. b3 Bf5 13. Ba3 Re8 14. Qd2 Nd4 15. Rad1 c6 16. Nc3 Qa5 17. Bb2 Rad8 18. Qe1 Nc2 19. Rxd8 Nxe1 20. Rxe8+ Nxe8 21. Rxe1 Nf6 22. Rd1 Qc5 23. e3 b5 24. Bf1 b4 25. Ne2 Ng4 26. Bc1 Be4 27. h3 Nf6 28. Rd8+ Kh7 29. Bb2 Qa5 30. Rd2 Qxa2 31. Nc1 Qa5 32. Be2 Bf5 33. g4 Ne4 34. Rd1 Bg6 35. Rd7 Nc3 36. Bf3 e4 37. Bg2 h5 38. gxh5 Qxh5 39. Kh2 Qe5+ 40. Kh1 a5 41. Rd4 Qh5 42. Kh2 Qh4 43. Kg1 Qg5 44. Kh2 a4 45. bxa4 Nxa4 46. Ba1 Nc5 47. Rd6 Qf5 48. Kg1 Qc8 49. Bd4 Ne6 50. Bb2 Qa6 51. Bf1 Qa4 52. Rd2 Nc5 53. Kg2 Nb3 54. Nxb3 Qxb3 55. Be2 c5 56. h4 f6 57. h5 Bf7 58. h6 Bxc4 59. Bg4 Kxh6 60. Kg3 Be6 61. Bd1 Qc4 62. Be2 Qb3 63. Bd1 Qa2 64. Kf4 Qa8 65. Kg3 Qb8+ 66. f4 exf3+ 67. Kxf3 Kg6 68. Bc2+ Kf7 69. Be4 c4 70. Rd6 c3 71. Bc1 Qxd6 0-1


[Site "https://www.chess.com"]

[Event "Titled Tuesday Blitz October 11 Late 2022"]
[White "Sarkar, Justin"]
[Black "Clawitter, Craig"]
[WhiteFideId "2010011"]
[BlackFideId "2023105"]
[WhiteElo "2250"]
[BlackElo "2226"]
[Result "0-1"]
[Round "06"]
[TimeControl "180+1"]
[Date "2022.10.12"]
[WhiteClock "0:00:01"]
[BlackClock "0:00:51"]

1. e4 e6 2. f4 d5 3. e5 c5 4. Nf3 Nc6 5. c3 Nh6 6. Na3 Nf5 7. Nc2 Be7 8. d4 cxd4 9. Ncxd4 Ncxd4 10. cxd4 Qb6 11. Bd3 Bb4+ 12. Ke2 Bd7 13. g4 Nxd4+ 14. Nxd4 Qxd4 15. Be3 Qxb2+ 16. Kf3 Bc6 17. Kg3 d4 18. Bf2 Qd2 19. Qxd2 Bxd2 20. Rhd1 Bc3 21. Rac1 O-O-O 22. f5 Kb8 23. Bc4 Bd5 0-1


[Site "https://www.chess.com"]

[Event "Titled Tuesday Blitz October 11 Late 2022"]
[White "Schrik, Rachid"]
[Black "Makaraci, Tunahan"]
[WhiteFideId "1009818"]
[BlackFideId "6356559"]
[WhiteElo "2098"]
[BlackElo "2175"]
[Result "1-0"]
[Round "06"]
[TimeControl "180+1"]
[Date "2022.10.12"]
[WhiteClock "0:00:19"]
[BlackClock "0:00:17"]

1. d4 Nf6 2. c4 g6 3. Nc3 Bg7 4. e4 d6 5. f3 O-O 6. Bg5 c5 7. d5 a6 8. a4 e6 9. Qd2 exd5 10. cxd5 Qa5 11. Ra3 Nbd7 12. Nh3 Ne5 13. Nf2 Qc7 14. Be2 Ne8 15. O-O f5 16. Raa1 fxe4 17. Nfxe4 Bf5 18. Bh6 Bxe4 19. Nxe4 Nf6 20. Nxf6+ Rxf6 21. Bxg7 Kxg7 22. f4 Nd7 23. Rae1 Raf8 24. Bg4 Nb6 25. Re4 c4 26. Rfe1 Qc5+ 27. Kh1 Nxd5 28. g3 b5 29. axb5 axb5 30. Rd1 Nb4 31. Re7+ R8f7 32. Rxf7+ Rxf7 33. Qxd6 Qxd6 34. Rxd6 Nd3 35. Rb6 Nf2+ 36. Kg2 Nxg4 37. Rxb5 Rd7 38. h3 Rd2+ 39. Kf3 Nf6 40. Rb7+ Kh6 41. g4 Rd3+ 42. Kg2 Nd5 43. g5+ Kh5 44. Rxh7# 1-0


[Site "https://www.chess.com"]

[Event "Titled Tuesday Blitz October 11 Late 2022"]
[White "Shandrygin, Nikita"]
[Black "Fernandez Siles, Luis"]
[WhiteFideId "24198668"]
[BlackFideId "2209420"]
[WhiteElo "2323"]
[BlackElo "2186"]
[Result "1-0"]
[Round "06"]
[TimeControl "180+1"]
[Date "2022.10.12"]
[WhiteClock "0:00:38"]
[BlackClock "0:01:05"]

1. e4 c5 2. Nf3 Nc6 3. d4 cxd4 4. Nxd4 Nf6 5. Nc3 e5 6. Ndb5 d6 7. Bg5 a6 8. Na3 b5 9. Nd5 Be7 10. Bxf6 Bxf6 11. c3 O-O 12. Nc2 Rb8 13. Nce3 Bg5 14. a4 bxa4 15. Qxa4 Bb7 16. Bc4 Bxe3 17. Nxe3 Ne7 18. O-O Bxe4 19. Bxf7+ Rxf7 20. Qxe4 Rxb2 21. Rxa6 Kh8 22. Rd1 d5 23. c4 Qc8 24. Qxe5 Qxa6 25. Qxb2 dxc4 26. Rd8+ Ng8 27. Qb8 1-0


[Site "https://www.chess.com"]

[Event "Titled Tuesday Blitz October 11 Late 2022"]
[White "Sibilio, Mario"]
[Black "Ibadov, Dashgyn"]
[WhiteFideId "800422"]
[BlackFideId "24107514"]
[WhiteElo "2296"]
[BlackElo "2208"]
[Result "0-1"]
[Round "06"]
[TimeControl "180+1"]
[Date "2022.10.12"]
[WhiteClock "0:00:02"]
[BlackClock "0:00:14"]

1. e3 d5 2. Nf3 Nf6 3. b3 c5 4. Bb2 Nc6 5. Bb5 Bd7 6. O-O e6 7. Bxc6 Bxc6 8. Ne5 Qc7 9. f4 Bd6 10. Qf3 O-O-O 11. d3 Kb8 12. Nd2 Rhg8 13. h3 Rdf8 14. c4 Nd7 15. Nxc6+ Qxc6 16. Rac1 g5 17. f5 Ne5 18. Qe2 g4 19. Bxe5 Bxe5 20. hxg4 h5 21. Nf3 Bc7 22. fxe6 hxg4 23. Nd2 Qd6 24. Rf4 Qxe6 25. cxd5 Qxd5 26. Ne4 Bxf4 27. exf4 Qd4+ 28. Qf2 Qxf2+ 29. Kxf2 Rd8 30. Nxc5 b6 31. Na6+ Kb7 32. Nb4 a5 33. Nc2 Rxd3 34. Ne3 Rd2+ 35. Kg3 Rxa2 36. Nd5 Rd2 37. Nf6 Rgd8 38. Nxg4 R2d3+ 39. Kh4 Rxb3 40. Ne5 f6 41. Ng6 a4 42. g4 a3 43. g5 fxg5+ 44. Kxg5 a2 45. Ra1 Rd2 46. f5 Rb1 47. Rxa2 Rxa2 48. f6 Rg2+ 49. Kh6 Rxg6+ 50. Kxg6 Rf1 51. f7 b5 52. Kg7 b4 53. f8=Q Rxf8 54. Kxf8 b3 55. Ke7 b2 56. Ke6 b1=Q 57. Kf6 Qe4 58. Kf7 Kc6 0-1


[Site "https://www.chess.com"]

[Event "Titled Tuesday Blitz October 11 Late 2022"]
[White "Souleidis, Georgios"]
[Black "Prydun, Andriy"]
[WhiteFideId "4206827"]
[BlackFideId "14145898"]
[WhiteElo "2401"]
[BlackElo "2163"]
[Result "1-0"]
[Round "06"]
[TimeControl "180+1"]
[Date "2022.10.12"]
[WhiteClock "0:00:10"]
[BlackClock "0:00:09"]

1. e4 c6 2. d4 d5 3. e5 Bf5 4. h4 h5 5. Bd3 Bxd3 6. Qxd3 e6 7. Bg5 Qa5+ 8. Nd2 Qb5 9. c4 dxc4 10. Nxc4 Bb4+ 11. Ke2 Nd7 12. a3 Bf8 13. Nf3 Nh6 14. Rhd1 Nf5 15. Kf1 Nb6 16. b3 Nd5 17. Kg1 Qa6 18. g3 Rc8 19. Kg2 Rc7 20. b4 Rd7 21. Qb3 Be7 22. Bxe7 Ndxe7 23. a4 b6 24. b5 Qb7 25. a5 cxb5 26. Qxb5 O-O 27. axb6 axb6 28. Qxb6 Rc8 29. Qxb7 Rxb7 30. Rac1 Rbc7 31. Nfd2 Nxd4 32. Rb1 Nd5 33. Nd6 Ra8 34. Ra1 Rxa1 35. Rxa1 Rc2 36. Ra8+ Kh7 37. N2e4 Ne3+ 38. Kg1 Ng4 39. Ng5+ Kg6 40. Ndxf7 Ne2+ 41. Kf1 Nc3 42. Nh8+ Kf5 43. Rf8+ Kxe5 44. Ng6+ Kd6 45. Rd8+ Kc7 46. Rd3 Rxf2+ 47. Kg1 Nd5 48. Nxe6+ Kd6 49. Nef4 Rxf4 50. Nxf4 Nf6 51. Nxd5 Nxd5 52. Kg2 Ke5 53. Kf3 Nf6 54. Re3+ Kf5 55. Ra3 g6 56. Ra5+ Ke6 57. Ra6+ Kf7 58. Kf4 Nd5+ 59. Kg5 Ne7 60. Ra7 Ke6 61. Rxe7+ Kxe7 62. Kxg6 1-0


[Site "https://www.chess.com"]

[Event "Titled Tuesday Blitz October 11 Late 2022"]
[White "Sourath Biswas"]
[Black "Boyer, Mahel"]
[WhiteFideId "35091484"]
[BlackFideId "45102422"]
[WhiteElo "2164"]
[BlackElo "2454"]
[Result "0-1"]
[Round "06"]
[TimeControl "180+1"]
[Date "2022.10.11"]
[WhiteClock "0:00:11"]
[BlackClock "0:00:34"]

1. d4 d5 2. Bf4 Nf6 3. e3 g6 4. Nc3 a6 5. h4 b5 6. Nf3 Bg7 7. Ne5 h5 8. Be2 Bb7 9. Bf3 Nbd7 10. Nd3 Ne4 11. Ne2 c5 12. c3 c4 13. Bxe4 dxe4 14. Ne5 Bxe5 15. Bxe5 f6 16. Bg3 Nb6 17. Nf4 Kf7 18. Bh2 Qd7 19. Qe2 Qg4 20. Qxg4 hxg4 21. Bg3 g5 22. Ne2 Rh7 23. O-O-O Rah8 24. h5 Rxh5 25. Rxh5 Rxh5 26. Bc7 Nd5 27. Bb8 Rh8 28. Bg3 f5 29. Be5 Rh4 30. b3 Bc8 31. bxc4 bxc4 32. Kd2 Bd7 33. Rb1 Bb5 34. Ra1 Nb6 35. Rb1 Rh6 0-1


[Site "https://www.chess.com"]

[Event "Titled Tuesday Blitz October 11 Late 2022"]
[White "Sowul, Bartosz"]
[Black "Melikyan, Gnel"]
[WhiteFideId "1137590"]
[BlackFideId "54109990"]
[WhiteElo "2188"]
[BlackElo "2138"]
[Result "1-0"]
[Round "06"]
[TimeControl "180+1"]
[Date "2022.10.12"]
[WhiteClock "0:02:13"]
[BlackClock "0:02:27"]

1. e4 c6 2. d4 d5 3. exd5 cxd5 4. Nf3 Nf6 5. Ne5 Nbd7 6. Bb5 e6 7. O-O a6 8. Be2 Nxe5 9. dxe5 Ne4 10. Be3 Qc7 11. c4 dxc4 12. Qd4 Qc6 13. Bf3 1-0


[Site "https://www.chess.com"]

[Event "Titled Tuesday Blitz October 11 Late 2022"]
[White "Stanisz, Patryk"]
[Black "Owen, Michael"]
[WhiteFideId "1123106"]
[BlackFideId "7104820"]
[WhiteElo "2069"]
[BlackElo "1943"]
[Result "1/2-1/2"]
[Round "06"]
[TimeControl "180+1"]
[Date "2022.10.12"]
[WhiteClock "0:00:08"]
[BlackClock "0:00:06"]

1. d4 Nf6 2. Nf3 g6 3. g3 Bg7 4. Bg2 O-O 5. O-O d6 6. b3 e5 7. Bb2 e4 8. Ne1 d5 9. c4 c6 10. Nc3 Be6 11. cxd5 cxd5 12. Nc2 a6 13. Na4 Nfd7 14. Ba3 Re8 15. Rc1 Nc6 16. Nc5 Nxc5 17. Bxc5 f5 18. e3 g5 19. Nb4 Rc8 20. Qd2 f4 21. exf4 gxf4 22. Nxc6 Rxc6 23. Qxf4 b6 24. Ba3 Rxc1 25. Rxc1 Bxd4 26. Rc6 Bd7 27. Rc1 Bg7 28. Rd1 Qa8 29. Qd6 Qc6 30. Qxd5+ Qxd5 31. Rxd5 Bb5 32. h4 Rc8 33. Bxe4 Re8 34. f3 Bf6 35. Rd6 Be5 36. Rxb6 Bxg3 37. Kg2 Bxh4 38. Rb7 Bf6 39. Bd5+ Kh8 40. Bc5 Re5 41. Be4 Rxc5 42. Rxh7+ Kg8 43. Rb7 Rc8 44. a4 Be8 45. Bf5 Rd8 46. Be4 Bf7 47. Rb6 Bd4 48. Rxa6 Bxb3 49. a5 Kf7 50. Rg6 Ke7 51. Rg5 Bf6 52. Rb5 Bc4 53. Rb7+ Rd7 54. Rb8 Bd4 55. a6 Bxa6 56. Rg8 Bc4 57. Rg5 Bf6 58. Rg4 Be6 59. Rg6 Rd2+ 60. Kg3 Be5+ 61. Kh4 Rh2+ 62. Kg5 Rg2+ 63. Kh6 Rxg6+ 64. Kxg6 Bf4 65. Kh5 Kd6 66. Kg6 Ke5 67. Kh5 Bd7 68. Kg6 Bh3 69. Kg7 Kd4 70. Kf7 Ke3 71. Ke7 Bf1 72. Kf6 Bc4 73. Kf5 Bb3 74. Kg4 Bd1 75. Kf5 Bh2 76. Ke6 Kf4 77. Kd5 Bb3+ 78. Kd4 Bg1+ 79. Kd3 Ke5 80. Ke2 Bc4+ 81. Kd2 Bd4 82. Kc2 Kf4 83. Kd2 Bb5 84. Kc2 Ke3 85. Kb3 Bc5 86. Bd5 Kd4 87. Be4 Bc4+ 88. Kc2 Bb4 89. Bc6 Bc3 90. Be4 Be6 91. Bc6 Bf5+ 92. Be4 Bd7 93. Bb7 Ba4+ 94. Kb1 Bb3 95. Be4 Ke3 96. Bc2 Bc4 97. Be4 Kd2 98. Bc2 Be6 99. f4 Bc4 100. f5 Bf6 101. Be4 Bd5 102. Bc2 Ke3 103. Kc1 Kf4 104. Kd1 Bc3 105. Bb1 Ke5 106. Bc2 Bb4 107. Ke2 Be7 108. Kf2 Bg5 109. Kg3 Be4 110. Bxe4 Kxe4 111. Kg4 Bf6 112. Kh5 Ke5 113. Kg6 Be7 114. f6 Bxf6 1/2-1/2


[Site "https://www.chess.com"]

[Event "Titled Tuesday Blitz October 11 Late 2022"]
[White "Suleymanli, Aydin"]
[Black "Pasti, Aron"]
[WhiteFideId "13413937"]
[BlackFideId "785857"]
[WhiteElo "2481"]
[BlackElo "2250"]
[Result "1-0"]
[Round "06"]
[TimeControl "180+1"]
[Date "2022.10.11"]
[WhiteClock "0:00:22"]
[BlackClock "0:00:03"]

1. a3 h6 2. c4 e5 3. Nc3 Nf6 4. Nf3 Nc6 5. d4 exd4 6. Nxd4 Bc5 7. Nb3 Be7 8. g3 b6 9. Bg2 Bb7 10. O-O O-O 11. Bf4 d6 12. Rc1 Qc8 13. Nd5 Bd8 14. h3 Nd7 15. Nd4 Nxd4 16. Qxd4 Nc5 17. Qd1 Re8 18. Re1 a5 19. b3 c6 20. Nc3 Bf6 21. Qc2 a4 22. b4 Nb3 23. Rcd1 Nd4 24. Qd3 c5 25. b5 Bxg2 26. Kxg2 Ne6 27. Nd5 Bd4 28. Nxb6 Nxf4+ 29. gxf4 Qb7+ 30. Nd5 Re6 31. e3 Bb2 32. Kh2 g5 33. Rb1 Bg7 34. Rg1 gxf4 35. Nxf4 Rf6 36. Rxg7+ Kxg7 37. Nh5+ Kh8 38. Nxf6 1-0


[Site "https://www.chess.com"]

[Event "Titled Tuesday Blitz October 11 Late 2022"]
[White "Svane, Rasmus"]
[Black "Bernadskiy, Vitaliy"]
[WhiteFideId "4657101"]
[BlackFideId "14100371"]
[WhiteElo "2674"]
[BlackElo "2473"]
[Result "1-0"]
[Round "06"]
[TimeControl "180+1"]
[Date "2022.10.11"]
[WhiteClock "0:00:07"]
[BlackClock "0:00:04"]

1. Nf3 Nf6 2. g3 d5 3. Bg2 e6 4. O-O Be7 5. c4 O-O 6. b3 b6 7. d4 Ba6 8. Nc3 Nbd7 9. cxd5 Nxd5 10. Nxd5 exd5 11. Bb2 Re8 12. Rc1 Bd6 13. Re1 Rc8 14. e3 c6 15. Rc2 Qe7 16. Bf1 Bxf1 17. Rxf1 Nf6 18. Qd3 Ne4 19. Rfc1 Qd7 20. Nd2 f5 21. Nf3 Re6 22. Ne5 Bxe5 23. dxe5 Rh6 24. f3 Ng5 25. Qf1 c5 26. Rd1 Qb7 27. h4 Ne6 28. Rcd2 Rd8 29. f4 Rg6 30. Qf3 Rg4 31. Kf2 Nc7 32. e6 Re8 33. Be5 Nxe6 34. Rxd5 Qa6 35. R1d2 c4 36. b4 Qa3 37. Rd6 c3 38. Rxe6 Rxe6 39. Qa8+ Kf7 40. Rd7+ Kg6 41. Rxg7+ Kh6 42. Qf8 Qxa2+ 43. Kg1 Rxg7 44. Qxg7+ 1-0


[Site "https://www.chess.com"]

[Event "Titled Tuesday Blitz October 11 Late 2022"]
[White "Sztokbant, Bernardo Vainzoff"]
[Black "Mirzoev, Azer"]
[WhiteFideId "2115956"]
[BlackFideId "13400304"]
[WhiteElo "2477"]
[BlackElo "2645"]
[Result "0-1"]
[Round "06"]
[TimeControl "180+1"]
[Date "2022.10.12"]
[WhiteClock "0:00:19"]
[BlackClock "0:01:38"]

1. e4 Nf6 2. Nc3 d5 3. e5 Nfd7 4. d4 e6 5. f4 c5 6. Nf3 Nc6 7. Be3 Qb6 8. Qd2 Qxb2 9. Rb1 Qa3 10. Nb5 Qxa2 11. Rc1 Rb8 12. c4 Qxd2+ 13. Bxd2 a6 14. dxc5 axb5 15. cxb5 Bxc5 16. bxc6 bxc6 17. Bd3 Ke7 18. Ke2 Rb2 19. Rc2 Rxc2 20. Bxc2 Ba6+ 21. Bd3 Bxd3+ 22. Kxd3 Ra8 23. Rb1 Ra7 24. h4 h5 25. Ng5 f6 26. exf6+ gxf6 27. Nf3 e5 28. fxe5 fxe5 29. Bg5+ Ke6 30. Ke2 Ra2+ 31. Kf1 e4 0-1


[Site "https://www.chess.com"]

[Event "Titled Tuesday Blitz October 11 Late 2022"]
[White "Tanenbaum, Zachary"]
[Black "Toncheva, Nadya"]
[WhiteFideId "2060850"]
[BlackFideId "2924056"]
[WhiteElo "2701"]
[BlackElo "2539"]
[Result "1-0"]
[Round "06"]
[TimeControl "180+1"]
[Date "2022.10.12"]
[WhiteClock "0:00:33"]
[BlackClock "0:00:06"]

1. e4 c5 2. Nf3 Nc6 3. Nc3 g6 4. d4 cxd4 5. Nxd4 Bg7 6. Be3 Nf6 7. Bc4 O-O 8. Bb3 d6 9. h3 Bd7 10. O-O Rc8 11. f4 a6 12. f5 Na5 13. Qd3 Nxb3 14. axb3 Qc7 15. Rae1 Bc6 16. Bg5 Rfe8 17. Nd5 Nxd5 18. exd5 Bxd5 19. c4 Bc6 20. fxg6 hxg6 21. Ne6 Qd7 22. Nxg7 Kxg7 23. Qd4+ Kg8 24. Qh4 f6 25. Qh6 Kf7 26. Qh7+ 1-0


[Site "https://www.chess.com"]

[Event "Titled Tuesday Blitz October 11 Late 2022"]
[White "Tari, Aryan"]
[Black "Iliaguev, Nisim"]
[WhiteFideId "1510045"]
[BlackFideId "2817276"]
[WhiteElo "2612"]
[BlackElo "2264"]
[Result "1/2-1/2"]
[Round "06"]
[TimeControl "180+1"]
[Date "2022.10.11"]
[WhiteClock "0:00:07"]
[BlackClock "0:00:08"]

1. e4 c5 2. Nc3 Nc6 3. f4 e6 4. Nf3 Nf6 5. Bb5 d5 6. e5 Nd7 7. Bxc6 bxc6 8. d3 Be7 9. O-O O-O 10. Qe1 f5 11. Na4 Ba6 12. Be3 Bb5 13. Nc3 d4 14. Nxb5 cxb5 15. Bf2 Nb6 16. b4 cxb4 17. Nxd4 Qd7 18. Nb3 Nd5 19. Bc5 Rfc8 20. d4 a5 21. Bxe7 Qxe7 22. Nc5 Rxc5 23. dxc5 Qxc5+ 24. Qf2 Rc8 25. Qxc5 Rxc5 26. Rf2 Kf7 27. g3 Ke7 28. Rd2 Kd7 29. Kf2 Kc6 30. Rb1 Rc4 31. Rb3 Kc5 32. Rbd3 Nc3 33. Ke1 Re4+ 34. Kf1 Nd5 35. Re2 Rc4 36. Ke1 a4 37. Kd2 a3 38. Re1 Nc3 39. Rd6 Ne4+ 40. Rxe4 fxe4 41. f5 exf5 42. Rd7 e3+ 43. Kxe3 Re4+ 44. Kd3 Rxe5 45. Rxg7 Rd5+ 46. Ke2 Kd4 47. Kd2 Kc4+ 48. Kc1 h5 49. Rg5 Kc3 50. Rg8 Re5 51. Rc8+ Kd4 52. Kd2 Rd5 53. Re8 Kc4+ 54. Kc1 Kc3 55. Re3+ Kc4 56. Rf3 Re5 57. Kd2 Rd5+ 58. Kc1 Re5 59. h4 Rd5 60. Rf4+ Kc3 61. Rf3+ Kc4 62. Rf1 Re5 63. Kd2 Rd5+ 64. Kc1 Re5 65. Rf3 Kd4 66. Kd2 Kc4 67. Rf4+ Kc5 68. Kd3 Rd5+ 69. Ke3 Re5+ 70. Kf3 Rd5 71. Ke2 Re5+ 72. Kd1 Rd5+ 73. Ke1 Re5+ 74. Kd2 Rd5+ 75. Kc1 Re5 76. Rf2 Kc4 77. Rf4+ Kc3 78. Rf3+ Kc4 79. Kd2 Rd5+ 80. Kc1 Re5 81. Kd1 Rd5+ 82. Kc1 Re5 1/2-1/2


[Site "https://www.chess.com"]

[Event "Titled Tuesday Blitz October 11 Late 2022"]
[White "Tarnowska, Aleksandra"]
[Black "Balkum, Alexander"]
[WhiteFideId "1180967"]
[BlackFideId "2005069"]
[WhiteElo "1776"]
[BlackElo "2336"]
[Result "1-0"]
[Round "06"]
[TimeControl "180+1"]
[Date "2022.10.12"]
[WhiteClock "0:00:06"]
[BlackClock "0:00:02"]

1. e4 c5 2. Nf3 d6 3. Bb5+ Nc6 4. O-O Bd7 5. c3 a6 6. Ba4 Nf6 7. Re1 e6 8. d3 Be7 9. Nbd2 O-O 10. Nf1 b5 11. Bc2 h6 12. Ng3 Re8 13. h3 e5 14. d4 Bf8 15. dxe5 dxe5 16. Be3 Qc7 17. Qe2 Be6 18. b3 b4 19. c4 Nd4 20. Bxd4 cxd4 21. Nh4 a5 22. Nhf5 a4 23. Qf3 Bxf5 24. Nxf5 Ra6 25. Rac1 axb3 26. Bxb3 Qc5 27. Rcd1 Rea8 28. Qg3 Kh8 29. Qh4 Kh7 30. g4 Ng8 31. g5 Rb6 32. gxh6 Nxh6 33. Kh2 Raa6 34. Rg1 Rg6 35. Qh5 Qb6 36. Rg3 Rxg3 37. fxg3 Qg6 38. Qxg6+ Rxg6 39. Rf1 Nxf5 40. exf5 Rc6 41. Kg2 f6 42. Kf3 Rc5 43. Ke4 Ra5 44. Rd1 Kh6 45. h4 Kh5 46. Rg1 Kh6 47. g4 Be7 48. Rg2 Kh7 49. g5 fxg5 50. hxg5 g6 51. f6 Bf8 52. Rh2+ Kg8 53. c5# 1-0


[Site "https://www.chess.com"]

[Event "Titled Tuesday Blitz October 11 Late 2022"]
[White "Thiel, Thomas"]
[Black "Shaik Sumer Arsh"]
[WhiteFideId "4615964"]
[BlackFideId "45020000"]
[WhiteElo "2306"]
[BlackElo "2190"]
[Result "0-1"]
[Round "06"]
[TimeControl "180+1"]
[Date "2022.10.12"]
[WhiteClock "0:00:47"]
[BlackClock "0:01:22"]

1. e4 e5 2. Nf3 Nc6 3. d4 exd4 4. Nxd4 Nf6 5. Nxc6 bxc6 6. e5 Qe7 7. Qe2 Nd5 8. h4 Qe6 9. g3 Be7 10. Bh3 f5 11. c4 Nb6 12. Nd2 O-O 13. g4 Bb4 14. gxf5 Qxc4 15. Qxc4+ Nxc4 16. f4 Ne3 17. Ke2 Nxf5 18. Nf3 Ba6+ 19. Kd1 Ng3 20. Rg1 Be2+ 21. Kc2 Bxf3 22. Rxg3 Be4+ 23. Kb3 Rab8 24. Kc4 d5+ 25. exd6 Bxd6 0-1


[Site "https://www.chess.com"]

[Event "Titled Tuesday Blitz October 11 Late 2022"]
[White "Timmermans, Mark"]
[Black "Kouskoutis, Georgios-Alexandros"]
[WhiteFideId "1026399"]
[BlackFideId "4234049"]
[WhiteElo "2460"]
[BlackElo "2187"]
[Result "1-0"]
[Round "06"]
[TimeControl "180+1"]
[Date "2022.10.11"]
[WhiteClock "0:01:29"]
[BlackClock "0:00:02"]

1. Nf3 d5 2. c4 d4 3. b4 f6 4. Qa4+ c6 5. e3 e5 6. c5 dxe3 7. fxe3 e4 8. Nd4 f5 9. Bc4 Nf6 10. O-O g6 11. Bb2 Bg7 12. Na3 a6 13. Qb3 Qe7 14. Be6 Bxe6 15. Nxe6 Bh6 16. Bxf6 Qxf6 17. Nc7+ Ke7 18. Nxa8 Nd7 19. Nb6 Nxb6 20. cxb6 Rd8 21. Nc4 Rd3 22. Qb2 Qxb2 23. Nxb2 Rxd2 24. Nc4 Rd5 25. a4 Ke6 26. Rfd1 Bg7 27. Rac1 Bh6 28. Kf2 Bf8 29. Rxd5 cxd5 30. Na5 Bxb4 31. Nxb7 d4 32. Nc5+ Kd5 33. b7 dxe3+ 34. Ke2 1-0


[Site "https://www.chess.com"]

[Event "Titled Tuesday Blitz October 11 Late 2022"]
[White "Tomaszewski, Kacper"]
[Black "Slugin, Sergey"]
[WhiteFideId "1127373"]
[BlackFideId "4122569"]
[WhiteElo "2571"]
[BlackElo "2736"]
[Result "1-0"]
[Round "06"]
[TimeControl "180+1"]
[Date "2022.10.12"]
[WhiteClock "0:00:06"]
[BlackClock "0:00:28"]

1. Nf3 Nf6 2. c4 e6 3. d4 d5 4. Nc3 Nbd7 5. cxd5 exd5 6. Bg5 Bb4 7. Rc1 c6 8. a3 Bxc3+ 9. Rxc3 h6 10. Bh4 g5 11. Bg3 Ne4 12. Rd3 h5 13. h4 Nxg3 14. fxg3 g4 15. Nd2 Qc7 16. e4 dxe4 17. Nxe4 Kf8 18. Be2 Nb6 19. O-O Be6 20. Ng5 Bd5 21. Re3 Kg7 22. Qc2 f6 23. Qf5 Raf8 24. Bxg4 Kh6 25. Bxh5 Rhg8 26. Ne6 Bxe6 27. Rxe6 Nd5 28. g4 Qg3 29. g5+ Kxh5 30. Qh7+ Kg4 31. Re4+ Nf4 32. Rexf4+ Qxf4 33. Rxf4+ Kxf4 34. g6 Re8 35. Qh5 Re1+ 36. Kf2 Rge8 37. Qf3# 1-0


[Site "https://www.chess.com"]

[Event "Titled Tuesday Blitz October 11 Late 2022"]
[White "Torres Boch, Jose Francisco"]
[Black "Przybylski, Wojciech"]
[WhiteFideId "2278383"]
[BlackFideId "1117599"]
[WhiteElo "2073"]
[BlackElo "2221"]
[Result "0-1"]
[Round "06"]
[TimeControl "180+1"]
[Date "2022.10.12"]
[WhiteClock "0:02:10"]
[BlackClock "0:02:14"]

1. e4 e5 2. Nf3 Nf6 3. Nxe5 d6 4. Nxf7 Kxf7 5. Bc4+ Be6 6. Bxe6+ Kxe6 7. O-O c5 8. d4 cxd4 9. Qxd4 Nc6 10. Qc4+ d5 11. exd5+ Qxd5 12. Re1+ Kf7 13. Qe2 Bb4 14. c3 Rhe8 15. Be3 Bc5 16. Na3 Bxe3 17. fxe3 Rad8 18. Rad1 Qe4 19. Rxd8 Rxd8 20. Qb5 Ne5 21. Qb3+ Kg6 22. Nb5 Rd2 0-1


[Site "https://www.chess.com"]